 Dungeon Crawl Stone Soup version 0.19-a0-1203-g7dfd8ee (webtiles) character file.

152 LordEnrai the Covered (level 5, -4/42 HPs)
             Began as a Formicid Fighter on Aug 21, 2016.
             Slain by keltonhicks's ghost (5 damage)
             ... on level 3 of the Dungeon.
             The game lasted 00:10:08 (2949 turns).

LordEnrai the Covered (Formicid Fighter)            Turns: 2949, Time: 00:10:09

Health: -4/42      AC:  7    Str: 22    XL:     5   Next: 60%
Magic:  5/5        EV:  8    Int:  7    God:
Gold:   142        SH: 10    Dex: 10    Spells: 0 memorised, 4 levels left

rFire  . . .     SeeInvis +     a - +1 long sword
rCold  . . .     Gourm    .     b - +0 scale mail
rNeg   . . .     Faith    .     c - +1 shield
rPois  .         Spirit   .     (helmet unavailable)
rElec  .         Dismiss  +     (no cloak)
rCorr  .         Reflect  .     (no gloves)
MR     .....     Harm     .     (no boots)
Stlth  ..........               l - amulet of dismissal
                                (no ring)
                                (no ring)

@: no status effects
A: permanent stasis, dig shafts and tunnels, four strong arms, antennae 3
a: Dig, Shaft Self


You were on level 3 of the Dungeon.
You were not hungry.

You visited 1 branch of the dungeon, and saw 3 of its levels.

You collected 142 gold pieces.

Inventory:

Hand Weapons
 a - a +1 long sword (weapon)
Armour
 b - a +0 scale mail (worn)
 c - a +1 shield (worn)
Jewellery
 j - an uncursed amulet of harm
 l - an amulet of dismissal (around neck)
 p - an uncursed amulet of magic regeneration
Scrolls
 e - 4 scrolls of remove curse
 h - 2 scrolls of fog
 i - 5 scrolls of identify
 k - 3 scrolls of enchant weapon
 r - a scroll of magic mapping {unknown}
Potions
 d - a potion of might
 n - 3 potions of curing
 q - a potion of agility {unknown}
Comestibles
 f - a bread ration
 g - a beef jerky
 o - a meat ration
 s - a slice of pizza
 u - 3 fruits


   Skills:
 + Level 3.8 Fighting
 * Level 3.6 Long Blades
 + Level 4.4 Armour
 - Level 0.6 Dodging
 + Level 4.2 Shields


You had 4 spell levels left.
You didn't know any spells.

Dungeon Overview and Level Annotations

Branches:
Dungeon (3/15)

Altars:
Gozag
Uskayaw
Vehumet
Yredelemnul

Annotations:
D:3 keltonhicks's ghost, amateur TrMo


Innate Abilities, Weirdness & Mutations

You are under a permanent stasis effect.
You can dig through walls and to a lower floor.
Your four strong arms can wield two-handed weapons with a shield.
You have a pair of large antennae on your head. (SInv)


Message History

You barely miss keltonhicks's ghost.
Keltonhicks's ghost is heavily damaged.
Keltonhicks's ghost barely misses you.
Your shield and scale mail prevent you from hitting keltonhicks's ghost.
Keltonhicks's ghost is heavily damaged.
Keltonhicks's ghost hits you.
You closely miss keltonhicks's ghost.
Keltonhicks's ghost is heavily damaged.
You block keltonhicks's ghost's attack.
Keltonhicks's ghost whispers, "There is no future for you."
Keltonhicks's ghost hits you!
* * * LOW HITPOINT WARNING * * *
You hit keltonhicks's ghost.
Keltonhicks's ghost is severely damaged.
Keltonhicks's ghost hits you.
* * * LOW HITPOINT WARNING * * *
You closely miss keltonhicks's ghost.
Keltonhicks's ghost is severely damaged.
Keltonhicks's ghost hits you.
You die...

.)##.#####..# #.....#########
..##.##.....## #.###..........
...#.##.#....#### ♣.♣ ###########
..#.....#.......#♣♣.♣♣##.........
..#.#####.#####..........########
..#...#....#....#♣♣.♣♣#..# #
..###.#(#<......# ♣.♣ ##.### #
..###...#####.#####.####.).# #
...##.#.........@W....(###.# #
...##.#######.#########.##.#
.#.#......#....#. ...#...#.#
.#...####.#....#.###.#..##.#
.###.#.##.#................#####
.# #.#.##.#...<#.#.#.##W..(....#
####.#....######......'........#
...#.#.........#...#.##........#
##.#...#######†##..#.##........#


You could see keltonhicks's ghost.

Vanquished Creatures
  A howler monkey (D:3)
  2 adders
  An ooze (D:3)
  2 worms
  A dart slug (D:1)
  5 giant geckos
  10 giant cockroaches (D:3)
  7 goblins
  6 hobgoblins
  7 jackals (D:2)
  4 quokkas
  8 bats
  3 giant newts
  11 kobolds
  6 rats
74 creatures vanquished.

Vanquished Creatures (others)
  A goblin (D:3)
1 creature vanquished.

Grand Total: 75 creatures vanquished

Notes
Turn   | Place    | Note
-------+----------+-------------------------------------------
     0 | D:1      | LordEnrai the Formicid Fighter began the quest for the Orb.
     0 | D:1      | Reached XP level 1. HP: 18/18 MP: 1/1
   455 | D:1      | Reached XP level 2. HP: 23/24 MP: 2/2
   756 | D:2      | Reached XP level 3. HP: 27/29 MP: 3/3
  1592 | D:2      | Reached XP level 4. HP: 30/35 MP: 4/4
  1785 | D:2      | Found a hide-covered altar of Uskayaw.
  1787 | D:2      | Found an opulent altar of Gozag.
  1795 | D:2      | Found a basalt altar of Yredelemnul.
  2085 | D:3      | Found an opulent altar of Gozag.
  2212 | D:3      | Reached XP level 5. HP: 42/42 MP: 5/5
  2279 | D:3      | Noticed keltonhicks's ghost (amateur TrMo)
  2879 | D:3      | Found a radiant altar of Vehumet.
  2948 | D:3      | HP: 1/42 [keltonhicks's ghost (4)]
  2949 | D:3      | Slain by keltonhicks's ghost

Vault maps used:
D:1:      dpeg_arrival_erosion, kennysheep_small_spiral, serial_park_tiny_1,
          minmay_misc_feat_diagonals, grunt_decor_cap
D:2:      grunt_temple_overflow_diamond, minmay_pentomino_x2
D:3:      minmay_roachtagon, fiery_altar_vehumet, minmay_tree_intersection,
          grunt_decor_resistance, grunt_gozag_breadcrumbs

Skill      XL: |  1  2  3  4  5 |
---------------+----------------+-----
Long Blades    | 3 |  3.6
Armour         | 4 |  4.4
Shields        | 4 |  4.2
Fighting       | |  3.8
Dodging        | |  0.6

Action                   |  1- 3 |  4- 6 || total
-------------------------+-------+-------++-------
Melee: Long sword        |   133 |   145 ||   278
Throw: Javelin           |       |     4 ||     4
 Abil: Dig               |     1 |     3 ||     4
  Use: Scroll            |     9 |     1 ||    10
       Potion            |     3 |       ||     3
 Stab: Invisible         |     2 |       ||     2
  Eat: Chunk             |     2 |     5 ||     7
Armor: Scale mail        |    43 |    37 ||    80
Dodge: Dodged            |    31 |    34 ||    65
Block: Shield            |    79 |    67 ||   146
